 Dungeon Crawl Stone Soup version 0.29.1-15-g9cfb28693d (webtiles) character file.

Game seed: 5263693520812891519

2 javelincjr the Caller (level 1, -3/10 HPs)
             Began as a Tengu Summoner on Apr 17, 2023.
             Slain by a quokka (4 damage)
             ... on level 1 of the Dungeon.
             The game lasted 00:01:07 (41 turns).

javelincjr the Caller (Tengu Summoner)                Turns: 41, Time: 00:01:07

Health: -3/10      AC:  2    Str:  8    XL:     1   Next: 30%
Magic:  4/4        EV: 12    Int: 15    God:
Gold:   6          SH:  0    Dex: 14    Spells: 3/4 levels left

rFire   . . .      SeeInvis .   (no weapon)
rCold   . . .      Faith    .   (no shield)
rNeg    . . .      Spirit   .   a - +0 robe
rPois   .          Reflect  .   (helmet restricted)
rElec   .          Harm     .   (no cloak)
rCorr   .          Rampage  .   (no gloves)
Will    .....                   (boots unavailable)
Stlth   ++........              (no amulet)
HPRegen 0.03/turn               (no ring)
MPRegen 0.09/turn               (no ring)

@: no status effects
A: beak, talons 3
a: no special abilities


You were on level 1 of the Dungeon.
You visited 1 branch of the dungeon, and saw 1 of its levels.

You collected 6 gold pieces.

Inventory:

Armour
 a - a +0 robe (worn)
Potions
 b - a potion of magic


   Skills:
 + Level 2.2 Dodging
 + Level 2.0 Stealth
 + Level 2.0 Spellcasting
 + Level 4.8 Summonings


You had 3 spell levels left.
You knew the following spells:

 Your Spells              Type           Power      Damage    Failure   Level
a - Summon Small Mammal   Summ           64%        N/A       3%          1

Your spell library contained the following spells:

 Spells                   Type           Power      Damage    Failure   Level
 Call Imp                 Summ           16%        N/A       4%          2
 Call Canine Familiar     Summ           16%        N/A       9%          3
 Summon Guardian Golem    Hex/Summ       8%         N/A       24%         3
 Summon Lightning Spire   Summ/Air       8%         N/A       63%         4


Dungeon Overview and Level Annotations

Branches:
Dungeon (1/15)

Altars:


Innate Abilities, Weirdness & Mutations

You have a beak for a mouth.
You have claws for feet.


Message History

You now have 6 gold pieces.
A ball python comes into view.
Found a ring mail.
You are not religious.
Char dumped successfully.
You have 6 gold pieces.
You have 6 gold pieces.
The ball python hisses angrily.
The ball python bites you but does no damage.
The ball python grabs you. The ball python constricts you.
The ball python closely misses you. The ball python constricts you.
You hit the ball python but do no damage.
You claw the ball python, but do no damage.
Your peck misses the ball python.
The ball python bites you but does no damage.
The ball python constricts you.
You closely miss the ball python. The ball python closely misses you.
The ball python constricts you.
You closely miss the ball python. You claw the ball python.
You kill the ball python!
You see here a ball python corpse.
A hobgoblin comes into view.
You see here a +0 ring mail.
A quokka comes into view.
The hobgoblin shouts!
The hobgoblin barely misses you.
You closely miss the hobgoblin. You claw the hobgoblin.
The hobgoblin is moderately wounded.
The quokka barely misses you. The hobgoblin misses you.
You hit the hobgoblin but do no damage. Your kick misses the hobgoblin.
The hobgoblin is moderately wounded.
The quokka closely misses you. The hobgoblin barely misses you.
You barely miss the hobgoblin. You claw the hobgoblin. You peck the hobgoblin.
You kill the hobgoblin!
The quokka bites you.
The quokka bites you but does no damage.
The quokka bites you.
* * * LOW HITPOINT WARNING * * *
The quokka bites you.
You die...

.. .. .. .. #.# ..
.# #.# #. .# #.# #.
.# ## #.#
#.##.###... #.#
#..........
#.###########r@...#
#.....†.[.........#
#.###########.....#
#.# #.....# ##.#
###.### #..# .#
#..# .. #..# ###
#..#


You could see a quokka.

Vanquished Creatures
  A hobgoblin (D:1)
  A ball python (D:1)
2 creatures vanquished.

Notes
Turn   | Place    | Note
-------+----------+-------------------------------------------
     0 | D:1      | javelincjr the Tengu Summoner began the quest for the Orb.
     0 | D:1      | Reached XP level 1. HP: 10/10 MP: 4/4
    41 | D:1      | Slain by a quokka

Illustrated notes

Levels and vault maps discovered:
D:1:      doesnt_arrival_eight_statues, layout_loops_ring,
          hellmonk_ecumenical_altar_watching_god

Action                   || total
-------------------------++-------
Melee: Unarmed           ||     6
       Kick              ||     4
       Peck              ||     1
Armor: Robe              ||     3
Dodge: Dodged            ||     7
